 Dungeon Crawl Stone Soup version 0.24.0-13-gcf9b319 (webtiles) character file.

Game seed: 7398274759408782917, levelgen mode: deterministic

3037 ClockworkOrrery the Blocker (level 9, 0/74 HPs)
             Began as a Gnoll Fighter on Mar 8, 2020.
             Was an Initiate of the Shining One.
             Succumbed to a wight's poison
             ... on level 7 of the Dungeon.
             The game lasted 00:23:10 (6953 turns).

ClockworkOrrery the Blocker (Gnoll Fighter)         Turns: 6953, Time: 00:23:10

Health: 0/74       AC: 11    Str: 18    XL:     9   Next: 86%
Magic:  15/15      EV: 12    Int: 19    God:    the Shining One [......]
Gold:   153        SH: 11    Dex: 15    Spells: 11/17 levels left

rFire    . . .     SeeInvis .   F - +2 whip (flame)
rCold    . . .     Gourm    .   c - +0 shield
rNeg     + . .     Faith    .   K - +5 leather armour of the Exiled Tales {Int+2}
rPois    .         Spirit   .   (no helmet)
rElec    .         Reflect  .   D - +1 cloak
rCorr    .         Harm     .   (no gloves)
MR       .....                  (no boots)
Stlth    +.........             (no amulet)
HPRegen  0.22/turn              b - +3 ring of intelligence
MPRegen  0.14/turn              h - ring of positive energy

@: lethally poisoned (0 -> -34), glowing, lightly drained
A: distributed training, fangs 1, strong nose
a: Renounce Religion


You were on level 7 of the Dungeon.
You worshipped the Shining One.
The Shining One was noncommittal.
You were hungry.

You visited 2 branches of the dungeon, and saw 8 of its levels.
You also visited: Sewer and Ossuary.

You collected 513 gold pieces.
You spent 360 gold pieces at shops.

Inventory:

Hand Weapons
 a - a +3 quarterstaff of chaos
 j - a +0 spear of piercing
 m - a +1 hunting sling of freezing
 F - a +2 whip of flaming (weapon)
 G - a +2 flail of protection
 H - a +4 mace of distortion
 N - a +1 dagger of draining
Missiles
 g - 260 stones (quivered)
Armour
 c - a +0 shield (worn)
 k - a +2 buckler
 o - a +0 plate armour
 A - a +0 troll leather armour {Purgy}
 D - a +1 cloak (worn)
 K - the +5 leather armour of the Exiled Tales (worn) {Int+2}
   (You found it on level 6 of the Dungeon)

   It affects your intelligence (+2).
Magical Staves
 u - an uncursed staff of cold
Jewellery
 b - a +3 ring of intelligence (left hand)
 h - a ring of positive energy (right hand)
 x - an uncursed ring of fire
 C - a cursed ring of teleportation
 L - the amulet "Nygip" {Harm *Drain Dex+4}
   (You found it on level 7 of the Dungeon)

   [amulet of harm]

   It increases damage dealt and taken.
   It affects your dexterity (+4).
   It causes draining when unequipped.
Wands
 z - a wand of enslavement (11)
 B - a wand of flame (13)
 E - a wand of polymorph (10)
Scrolls
 e - 5 scrolls of teleportation
 p - 6 scrolls of immolation {unknown}
 q - 4 scrolls of remove curse
 s - 2 scrolls of amnesia {unknown}
 v - 2 scrolls of enchant weapon {unknown}
 y - 3 scrolls of fog {unknown}
 I - a scroll of fear {unknown}
 J - 2 scrolls of identify
 M - a scroll of enchant armour {unknown}
 O - 2 scrolls of noise {unknown}
 P - 2 scrolls of random uselessness {unknown}
Potions
 d - 2 potions of might
 i - a potion of brilliance {unknown}
 l - 4 potions of agility {unknown}
 n - 3 potions of magic {unknown}
 r - a potion of flight {unknown}
 t - 3 potions of curing {unknown}
 w - 6 potions of mutation {unknown}
 Q - 7 potions of degeneration {unknown}
 R - a potion of lignification {unknown}
 S - a potion of ambrosia {unknown}
Comestibles
 f - 13 rations


   Skills:
 + Level 8.1(7.6) Fighting
 + Level 4.5(4.1) Short Blades
 + Level 4.5(4.1) Long Blades
 + Level 4.5(4.1) Axes
 + Level 6.5(6.1) Maces & Flails
 + Level 4.5(4.1) Polearms
 + Level 4.5(4.1) Staves
 + Level 4.5(4.1) Slings
 + Level 4.5(4.1) Bows
 + Level 4.5(4.1) Crossbows
 + Level 4.5(4.1) Throwing
 + Level 8.1(7.6) Armour
 + Level 4.5(4.1) Dodging
 + Level 4.5(4.1) Stealth
 + Level 8.1(7.6) Shields
 + Level 4.5(4.1) Unarmed Combat
 + Level 4.5(4.1) Spellcasting
 + Level 3.7(3.3) Conjurations
 + Level 3.7(3.3) Hexes
 + Level 3.7(3.3) Charms
 + Level 3.7(3.3) Summonings
 + Level 3.7(3.3) Necromancy
 + Level 3.7(3.3) Translocations
 + Level 3.7(3.3) Transmutations
 + Level 3.7(3.3) Fire Magic
 + Level 3.7(3.3) Ice Magic
 + Level 3.7(3.3) Air Magic
 + Level 3.7(3.3) Earth Magic
 + Level 3.7(3.3) Poison Magic
 + Level 5.0(4.6) Invocations
 + Level 4.5(4.1) Evocations


You had 11 spell levels left.
You knew the following spells:

 Your Spells              Type           Power        Failure   Level  Hunger
a - Regeneration          Chrm/Necr      ###.......   30%         3    ###....
b - Vampiric Draining     Necr           ###.......   30%         3    ###....

Your spell library contained the following spells:

 Spells                   Type           Power        Failure   Level  Hunger
 Animate Skeleton         Necr           N/A          11%         1    None
 Pain                     Necr           ###.         11%         1    None
 Animate Dead             Necr           N/A          71%         4    ####...


Dungeon Overview and Level Annotations

Branches:
Dungeon (7/15)             Temple (1/1) D:7           Sewer (visited)
Ossuary (visited)

Altars:
Ashenzari
Cheibriados
Dithmenos
Fedhas
Gozag
Hepliaklqana
Kikubaaqudgha
Makhleb
Nemelex Xobeh
Okawaru
Ru
Sif Muna
Vehumet
Wu Jian
Xom
Yredelemnul
Zin
The Shining One

Shops:
D:4 %   D:5 }:*


Innate Abilities, Weirdness & Mutations

Your experience applies equally to all skills.
You have very sharp teeth.
Your uncanny sense of smell can sniff out nearby items.


Message History

* * * LOW HITPOINT WARNING * * *
You partially resist.
You feel drained. The wight misses you.
You hit the wight. You burn the wight.
The wight is almost destroyed.
* * * LOW HITPOINT WARNING * * *
You feel sick.
The wight hits you with a +2 dagger of venom.
* * * LOW HITPOINT WARNING * * *
You are more poisoned.
You block the wight's attack.
* * * LOW HITPOINT WARNING * * *
You feel very sick.
You hit the wight. You burn the wight.
You destroy the wight!
The Shining One accepts your kill.
* * * LOW HITPOINT WARNING * * *
You feel very sick.
You hit the wight. You burn the wight.
The wight is lightly damaged.
You die...

.............#
#............###.#
#.................
#...............##
#...............# ##
......).........# ..#
.....)..........## ...#
.................##....#
<.............#.@zz....#
......[.......#.##.....#
................# #....#
....(...........# ....#
..............### ...#
.........#..### ...#
.............# ## ..#
....(........#.... ...
..................


You could see 2 wights.

Vanquished Creatures
  Pikel (D:5)
  The ghost of Morgon the Martial Artist, a novice DsMo (D:6)
  The ghost of Pinkius the Shield-Bearer, a novice GrFi of Okawaru (D:5)
  Prince Ribbit (D:7)
  Sigmund (D:2)
  Edmund (D:5)
  A sky beast (D:6)
  Purgy (Sewer)
  An ogre (D:6)
  A bullfrog (D:7)
  A wyvern skeleton (D:7)
  A water moccasin skeleton (D:6)
  2 scorpions
  2 wights (D:7)
  3 crimson imps
  A centaur zombie (D:5)
  2 hounds
  A jelly (D:7)
  A gnoll shaman (D:7)
  2 orc priests
  2 orc wizards (D:7)
  Crazy Yiuf (D:5)
  A centaur skeleton (D:4)
  Jessica (D:2)
  3 worker ants
  A hound zombie (D:5)
  A hound skeleton (D:4)
  4 mummies
  4 gnolls (D:7)
  13 adders
  A river rat (D:5)
  A shadow imp (D:7)
  An ooze (D:6)
  An adder zombie (D:5)
  An adder skeleton (D:4)
  A dart slug (D:4)
  4 leopard geckos
  6 orcs
  5 bats
  4 giant cockroaches
  3 gnoll zombies (Ossuary)
  7 goblins
  4 hobgoblins
  13 jackals
  3 quokkas
  A ball python (D:4)
  5 frilled lizards
  A goblin zombie (Ossuary)
  3 hobgoblin zombies
  8 kobolds
  A kobold zombie (Ossuary)
  2 orc zombies
  2 quokka skeletons
  6 rats
141 creatures vanquished.

Notes
Turn   | Place    | Note
-------+----------+-------------------------------------------
     0 | D:1      | ClockworkOrrery the Gnoll Fighter began the quest for the
                  | Orb.
     0 | D:1      | Reached XP level 1. HP: 23/23 MP: 1/1
   116 | D:1      | Reached XP level 2. HP: 23/29 MP: 2/2
   598 | D:1      | Reached XP level 3. HP: 34/35 MP: 3/3
   824 | D:2      | Noticed a scorpion
   835 | D:2      | Killed a scorpion
   835 | D:2      | Reached skill level 1 in Short Blades
   835 | D:2      | Reached skill level 1 in Long Blades
   835 | D:2      | Reached skill level 1 in Axes
   835 | D:2      | Reached skill level 1 in Polearms
   835 | D:2      | Reached skill level 1 in Staves
   835 | D:2      | Reached skill level 1 in Slings
   835 | D:2      | Reached skill level 1 in Bows
   835 | D:2      | Reached skill level 1 in Crossbows
   835 | D:2      | Reached skill level 1 in Throwing
   835 | D:2      | Reached skill level 1 in Dodging
   835 | D:2      | Reached skill level 1 in Stealth
   835 | D:2      | Reached skill level 1 in Unarmed Combat
   835 | D:2      | Reached skill level 1 in Spellcasting
   835 | D:2      | Reached skill level 1 in Invocations
   835 | D:2      | Reached skill level 1 in Evocations
   835 | D:2      | Reached XP level 4. HP: 41/41 MP: 3/5
   991 | D:2      | Reached skill level 1 in Conjurations
   991 | D:2      | Reached skill level 1 in Hexes
   991 | D:2      | Reached skill level 1 in Charms
   991 | D:2      | Reached skill level 1 in Summonings
   991 | D:2      | Reached skill level 1 in Necromancy
   991 | D:2      | Reached skill level 1 in Translocations
   991 | D:2      | Reached skill level 1 in Transmutations
   991 | D:2      | Reached skill level 1 in Fire Magic
   991 | D:2      | Reached skill level 1 in Ice Magic
   991 | D:2      | Reached skill level 1 in Air Magic
   991 | D:2      | Reached skill level 1 in Earth Magic
   991 | D:2      | Reached skill level 1 in Poison Magic
  1001 | D:2      | Noticed Jessica
  1014 | D:2      | Killed Jessica
  1014 | D:2      | Reached XP level 5. HP: 21/47 MP: 5/7
  1253 | D:2      | Noticed Sigmund
  1283 | D:2      | Killed Sigmund
  1283 | D:2      | Reached XP level 6. HP: 33/53 MP: 8/8
  1600 | D:2      | Reached skill level 5 in Maces & Flails
  2713 | D:4      | Found Jutegiets's Food Emporium.
  3087 | D:4      | Reached XP level 7. HP: 57/59 MP: 10/10
  3322 | D:5      | Entered Level 5 of the Dungeon
  3322 | D:5      | Found a runed translucent door.
  3325 | D:5      | Noticed Pinkius's ghost (novice GrFi)
  3352 | D:5      | Killed Pinkius's ghost
  3492 | D:5      | Found Badyde's Gadget Shop.
  3535 | D:5      | Found Woriedgh's Book Shop.
  3600 | D:5      | Found a glowing drain.
  3606 | Sewer    | Entered a sewer
  3684 | Sewer    | Noticed Purgy
  3705 | Sewer    | Killed Purgy
  3705 | Sewer    | Reached XP level 8. HP: 53/67 MP: 10/12
  3799 | D:5      | Found a shimmering altar of Xom.
  4221 | D:5      | Found Qepiosch's General Store.
  4263 | D:5      | Noticed Edmund
  4263 | D:5      | Noticed Pikel
  4281 | D:5      | Killed Pikel
  4292 | D:5      | Killed Edmund
  4442 | D:5      | Bought a book of Necromancy for 360 gold pieces
  4446 | D:5      | Learned a level 3 spell: Regeneration
  4450 | D:5      | Learned a level 3 spell: Vampiric Draining
  4679 | D:5      | Found a runed translucent door.
  4680 | D:5      | Noticed Crazy Yiuf
  4690 | D:5      | Killed Crazy Yiuf
  5038 | D:6      | Reached XP level 9. HP: 68/72 MP: 14/14
  5235 | D:6      | Got a bloodstained leather armour
  5263 | D:6      | Found a shimmering blue altar of Sif Muna.
  5465 | D:6      | Found a runed translucent gate.
  5465 | D:6      | Found a runed translucent gate.
  5465 | D:6      | Found a runed translucent gate.
  5465 | D:6      | Noticed Morgon's ghost (novice DsMo)
  5505 | D:6      | Killed Morgon's ghost
  5613 | D:7      | Got a pitted copper amulet
  5733 | D:7      | Noticed Prince Ribbit
  5781 | D:7      | Killed Prince Ribbit
  5867 | D:7      | Found a sand-covered staircase.
  5880 | Ossuary  | Entered an ossuary
  6201 | D:7      | Identified the amulet "Nygip" {Harm *Drain Dex+4} (You
                  | found it on level 7 of the Dungeon)
  6210 | D:7      | Identified the +5 leather armour of the Exiled Tales
                  | {Int+2} (You found it on level 6 of the Dungeon)
  6239 | D:7      | Found a staircase to the Ecumenical Temple.
  6244 | Temple   | Entered the Ecumenical Temple
  6467 | Temple   | Became a worshipper of the Shining One
  6588 | D:7      | Reached skill level 5 in Invocations
  6952 | D:7      | HP: 3/74 [poisoned by a wight]
  6953 | D:7      | Succumbed to a wight's poison

Levels and vault maps discovered:
D:1:      erik_arrival_triangle_huge, layout_basic, st_stairs_12,
          grunt_decor_fettered
D:2:      layout_loops_ring, minmay_misc_feat_enclosed, uniq_jessica,
          uniq_sigmund
D:3:      layout_loops_cross
D:4:      layout_loops_ring, serial_shops, shop
D:5:      layout_loops_corners, basic_altar, serial_shops, shop, shop_coins,
          shop, first_ration, ebering_ghost_sewer_d, gup_sewer_entry_bubbles,
          corexii_item_surrounded_by_moat, uniq_edmund, uniq_pikel,
          uniq_crazy_yiuf_cottage
D:6:      layout_loops_ring, basic_altar, ebering_ghost_rock_garden
D:7:      minmay_angry_zag, layout_rooms, temple_statues,
          nicolae_ossuary_entry_giza, uniq_prince_ribbit1
Temple:   regret_index_temple_mists

Skill      XL: |  1  2  3  4  5  6  7  8  9 |
---------------+----------------------------+-----
Short Blades   | 1 2 3 4 |  4.5
Long Blades    | 1 2 3 4 |  4.5
Axes           | 1 2 3 4 |  4.5
Polearms       | 1 2 3 4 |  4.5
Staves         | 1 2 3 4 |  4.5
Slings         | 1 2 3 4 |  4.5
Bows           | 1 2 3 4 |  4.5
Crossbows      | 1 2 3 4 |  4.5
Throwing       | 1 2 3 4 |  4.5
Dodging        | 1 2 3 4 |  4.5
Stealth        | 1 2 3 4 |  4.5
Unarmed Combat | 1 2 3 4 |  4.5
Spellcasting   | 1 2 3 4 |  4.5
Invocations    | 1 2 3 4 5 |  5.0
Evocations     | 1 2 3 4 |  4.5
Conjurations   | 1 2 3 |  3.7
Hexes          | 1 2 3 |  3.7
Charms         | 1 2 3 |  3.7
Summonings     | 1 2 3 |  3.7
Necromancy     | 1 2 3 |  3.7
Translocations | 1 2 3 |  3.7
Transmutations | 1 2 3 |  3.7
Fire Magic     | 1 2 3 |  3.7
Ice Magic      | 1 2 3 |  3.7
Air Magic      | 1 2 3 |  3.7
Earth Magic    | 1 2 3 |  3.7
Poison Magic   | 1 2 3 |  3.7
Maces & Flails | 5 6 |  6.5
Fighting       | 7 8 |  8.1
Armour         | 7 8 |  8.1
Shields        | 7 8 |  8.1

Action                   |  1- 3 |  4- 6 |  7- 9 || total
-------------------------+-------+-------+-------++-------
Melee: Flail             |    70 |   155 |   153 ||   378
       Bite              |     7 |    14 |    66 ||    87
       Whip              |       |       |   309 ||   309
       Unarmed           |       |       |    14 ||    14
 Cast: Regeneration      |       |       |     1 ||     1
  Use: Scroll            |       |     4 |     9 ||    13
 Stab: Confused          |       |       |     2 ||     2
       Sleeping          |       |       |     2 ||     2
  Eat: Chunk             |       |     7 |    13 ||    20
Armor: Scale mail        |    13 |       |       ||    13
       Plate armour      |    14 |    76 |    87 ||   177
       Troll leather arm |       |       |    40 ||    40
       Skin              |       |       |     2 ||     2
       Leather armour    |       |       |    20 ||    20
Dodge: Dodged            |    28 |    23 |   141 ||   192
Block: Shield            |    59 |    76 |   227 ||   362
